 Dungeon Crawl Stone Soup version 0.27-a0-334-g52645efa06 (webtiles) character file.

Game seed: 6118504786082267564

5964 Chiseanne the Fighter (level 10, -4/82 HPs)
             Began as a Demonspawn Wanderer on Feb 13, 2021.
             Was an Initiate of Gozag.
             Slain by a gargoyle
             ... wielding a +0 morningstar
              (20 damage)
             ... on level 9 of the Dungeon.
             The game lasted 00:37:48 (10230 turns).

Chiseanne the Fighter (Demonspawn Wanderer)        Turns: 10230, Time: 00:37:49

Health: -4/82      AC: 10    Str: 17    XL:     10   Next: 54%
Magic:  14/14      EV: 17    Int: 12    God:    Gozag
Gold:   962        SH:  4    Dex: 19    Spells: 15/15 levels left

rFire    . . .     SeeInvis +   a - +2 whip (elec)
rCold    . . .     Faith    .   (no shield)
rNeg     . . .     Spirit   .   s - +0 ring mail of Egalitarianism {SInv}
rPois    .         Reflect  .   (helmet restricted)
rElec    .         Harm     .   (no cloak)
rCorr    .         Rampage  .   (no gloves)
Will     .....                  (no boots)
Stlth    +.........             (no amulet)
HPRegen  0.23/turn              q - +4 ring of protection
MPRegen  0.14/turn              k - +6 ring of dexterity

@: no status effects
A: claws 1, horns 2, talons 2, foul stench 1, condensation shield
a: Renounce Religion, Potion Petition, Call Merchant, Bribe Branch


You were on level 9 of the Dungeon.
You worshipped Gozag.
Gozag was pleased with you.
You visited 1 branch of the dungeon, and saw 10 of its levels.
You also visited: Sewer and Ossuary.

You collected 1072 gold pieces.
You paid 110 gold pieces to Gozag.

Inventory:

Hand Weapons
 a - a +2 whip of electrocution (weapon)
 v - a +0 antimagic dagger
 w - a +0 hunting sling
 C - a +2 vorpal hand axe
Missiles
 b - 135 bolts
 g - 43 poisoned darts (quivered)
 j - 25 sling bullets
 o - 5 javelins
 u - 4 boomerangs
 y - a curare-tipped dart
Armour
 s - the +0 ring mail of Egalitarianism (worn) {SInv}
   (You found it on level 4 of the Dungeon)

   It lets you see invisible.
Jewellery
 e - a ring of see invisible
 k - a +6 ring of dexterity (right claw)
 q - a +4 ring of protection (left claw)
Wands
 D - a wand of digging (5)
Scrolls
 r - 9 scrolls of teleportation
 B - 2 scrolls of fog
 E - a scroll of amnesia
Potions
 c - 5 potions of curing
 d - 2 potions of brilliance {unknown}
 f - 5 potions of heal wounds
 h - 6 potions of haste
 i - 5 potions of mutation {unknown}
 l - a potion of ambrosia {unknown}
 m - a potion of cancellation {unknown}
 n - 5 potions of lignification
 p - 2 potions of resistance {unknown}
 t - a potion of degeneration {unknown}
 x - 4 potions of flight
 z - 2 potions of might {unknown}
 A - 2 potions of magic {unknown}


   Skills:
 * Level 8.8 Fighting
 - Level 1.7 Throwing
 * Level 7.5 Armour
 * Level 8.0 Dodging
 - Level 5.0 Unarmed Combat
 - Level 3.0 Spellcasting
 - Level 1.0 Hexes
 - Level 1.7 Ice Magic
 - Level 1.7 Air Magic


You had 15 spell levels left.
You didn't know any spells.
Your spell library contained the following spells:

 Spells                   Type           Power        Failure   Level
 Shock                    Conj/Air       12%          28%         1
 Swiftness                Air            6%           30%         2
 Sting                    Tmut/Pois      4%           38%         1
 Static Discharge         Conj/Air       3%           65%         3
 Ignite Poison            Fire/Tmut/Pois 1%           77%         3
 Airstrike                Air            3%           89%         4
 Cause Fear               Hex            2%           95%         4
 Lightning Bolt           Conj/Air       1%           100%        5
 Silence                  Hex/Air        2%           100%        5
 Yara's Violent Unravell  Hex/Tmut       1%           100%        5
 Discord                  Hex            2%           100%        8


Dungeon Overview and Level Annotations

Branches:
Dungeon (10/15)            Temple (0/1) D:7           Sewer (visited)
Ossuary (visited)
   Lair: D:8-11         Orc: D:9-12

Altars:
Cheibriados
Dithmenos
Gozag
Nemelex Xobeh
Okawaru
Qazlal
Uskayaw

Shops:
D:4 =   D:5 (


Innate Abilities, Weirdness & Mutations

You have sharp fingernails.
You have a pair of horns on your head.
You have razor-sharp toenails.
You may rarely emit foul miasma when damaged in melee.
A meltable shield of frost defends you. (SH +4)


Message History

The gargoyle completely resists.
The bolt of electricity hits you!
You climb upwards.
There is a stone staircase leading down, spattered with blood here.
You barely miss the gargoyle.
You headbutt the gargoyle, but do no damage.
The gargoyle hurls a stone arrow at you.
The stone arrow hits you!
You closely miss the gargoyle. The gargoyle misses you.
You hit the gargoyle but do no damage. Your kick misses the gargoyle.
The gargoyle hits you with a +0 morningstar.
You hit the gargoyle but do no damage.
You claw the gargoyle, but do no damage.
You block the gargoyle's attack.
You hit the gargoyle.
You claw the gargoyle, but do no damage.
The gargoyle is lightly damaged.
You block the gargoyle's attack.
You hit the gargoyle but do no damage.
The gargoyle hits you with a +0 morningstar!!
You whack the gargoyle!
You claw the gargoyle, but do no damage.
The gargoyle is moderately damaged.
The gargoyle misses you.
You hit the gargoyle.
You claw the gargoyle, but do no damage.
You headbutt the gargoyle.
The gargoyle is severely damaged.
The gargoyle hurls a stone arrow at you.
The stone arrow misses you.
You barely miss the gargoyle.
You headbutt the gargoyle, but do no damage.
The gargoyle is severely damaged.
The gargoyle hits you with a +0 morningstar!
* * * LOW HITPOINT WARNING * * *
You hit the gargoyle but do no damage. You claw the gargoyle!
You headbutt the gargoyle, but do no damage.
The gargoyle is almost destroyed.
The gargoyle hits you with a +0 morningstar!!
You die...
Your body crumbles into a pile of gold.

.................................
.###....#..###.........##########
# ###.......<..####.###
####.........#### #.#
.............#### #.#
###..##.........# #.# #...#
#>........# #.#
..#####........9####.#
.........###....@.##.# ######
.#.....### #......##.# #.....
##.......###.........# #.....
.....###............########.....
##...............................
#...#######..........######.....
##### #..........# #.....
#..........# ###### #..........#


You could see a gargoyle.

Vanquished Creatures
  A two-headed ogre (D:9)
  2 trolls (D:9)
  Menkaure (D:7)
  2 orc warriors
  2 sky beasts
  2 black bears
  2 ice beasts
  3 ogres
  3 wolves (D:9)
  3 centaurs
  3 kobold brigands
  2 phantoms
  6 bullfrogs
  A wyvern zombie (D:7)
  3 scorpions
  9 killer bees
  2 electric eels (D:10)
  11 howler monkeys
  A crimson imp (D:4)
  A centaur zombie (D:7)
  A bullfrog zombie (D:5)
  9 hounds
  2 orc priests
  A quasit (D:8)
  A gnoll shaman (D:6)
  5 iguanas
  8 orc wizards
  2 worker ants
  A killer bee zombie (D:7)
  13 mummies (Ossuary)
  A howler monkey zombie (D:5)
  9 gnolls
  7 adders
  A howler monkey skeleton (D:8)
  A river rat (Sewer)
  A shadow imp (D:7)
  3 white imps
  5 ufetubi
  An ooze (D:4)
  2 adder skeletons (D:4)
  An adder zombie (D:7)
  3 worms
  3 dart slugs
  4 leopard geckos
  21 orcs
  6 bats
  11 giant cockroaches
  6 goblins
  11 hobgoblins
  9 jackals
  4 quokkas
  A ball python (D:2)
  5 frilled lizards
  A goblin skeleton (Ossuary)
  36 kobolds
  5 kobold skeletons (Ossuary)
  2 orc skeletons (Ossuary)
  2 quokka skeletons
  9 rats
  11 rat skeletons (Ossuary)
285 creatures vanquished.

Vanquished Creatures (others)
  40 plants (D:4)
40 creatures vanquished.

Grand Total: 325 creatures vanquished

Notes
Turn   | Place    | Note
-------+----------+-------------------------------------------
     0 | D:1      | Chiseanne the Demonspawn Wanderer began the quest for the
                  | Orb.
     0 | D:1      | Chiseanne set off with the following items: a +0 club, a
                  | potion of curing, a +0 robe; and the following spells
                  | available to memorise: Shock, Swiftness, Sting, Static
                  | Discharge, Ignite Poison, Airstrike, Lightning Bolt
     0 | D:1      | Reached XP level 1. HP: 13/13 MP: 4/4
   259 | D:1      | Reached skill level 1 in Fighting
   372 | D:1      | Gained mutation: You have sharp toenails. [demonic
                  | ancestry]
   372 | D:1      | Reached XP level 2. HP: 14/21 MP: 6/6
   502 | D:1      | Reached skill level 1 in Dodging
  1378 | D:1      | Gained mutation: You have sharp fingernails. [demonic
                  | ancestry]
  1378 | D:1      | Reached XP level 3. HP: 25/27 MP: 7/7
  2228 | D:2      | HP: 1/27 [adder (4)]
  2242 | D:2      | Gained mutation: A meltable shield of frost defends you.
                  | (SH +4) [demonic ancestry]
  2242 | D:2      | Reached XP level 4. HP: 9/34 MP: 8/8
  3470 | D:4      | Reached skill level 1 in Armour
  3470 | D:4      | Reached skill level 1 in Unarmed Combat
  3470 | D:4      | Gained mutation: You may rarely emit foul miasma when
                  | damaged in melee. [demonic ancestry]
  3470 | D:4      | Reached XP level 5. HP: 39/39 MP: 9/9
  3558 | D:4      | Got a fine ring mail
  3563 | D:4      | Noticed a centaur
  3569 | D:4      | Killed a centaur
  4000 | D:4      | Identified the +0 ring mail of Egalitarianism {SInv} (You
                  | found it on level 4 of the Dungeon)
  4066 | D:4      | Gained mutation: You have a pair of small horns on your
                  | head. [demonic ancestry]
  4066 | D:4      | Reached XP level 6. HP: 47/47 MP: 10/10
  4094 | D:4      | Found Raraimor's Jewellery Shop.
  5208 | D:5      | Entered Level 5 of the Dungeon
  5314 | D:5      | Found Cimais's Antique Weapon Emporium.
  5339 | D:5      | Reached XP level 7. HP: 53/53 MP: 11/11
  5592 | D:5      | Found a glowing drain.
  5615 | Sewer    | Entered a sewer
  5812 | Sewer    | Found a white marble altar of Elyvilon.
  6050 | D:5      | Gained mutation: You have razor-sharp toenails. [demonic
                  | ancestry]
  6050 | D:5      | Reached XP level 8. HP: 58/61 MP: 12/12
  6473 | D:6      | Reached skill level 5 in Fighting
  6506 | D:6      | Found a sand-covered staircase.
  6573 | Ossuary  | Entered an ossuary
  7116 | D:6      | Reached skill level 5 in Dodging
  7143 | D:6      | Found a snail-covered altar of Cheibriados.
  7275 | D:6      | Found an opulent altar of Gozag.
  7276 | D:6      | Found a sparkling altar of Nemelex Xobeh.
  7281 | D:6      | Became a worshipper of Gozag Ym Sagoz the Greedy
  7461 | D:8      | Gained mutation: You have a pair of horns on your head.
                  | [demonic ancestry]
  7461 | D:8      | Reached XP level 9. HP: 69/69 MP: 13/13
  7475 | D:8      | Reached skill level 5 in Unarmed Combat
  7526 | D:8      | Reached skill level 5 in Armour
  7954 | D:8      | Found a hide-covered altar of Uskayaw.
  7955 | D:8      | Found a stormy altar of Qazlal.
  7955 | D:8      | Found an iron altar of Okawaru.
  8274 | D:7      | Noticed Menkaure
  8282 | D:7      | Killed Menkaure
  8474 | D:7      | Found a staircase to the Ecumenical Temple.
  8703 | D:9      | Found a shadowy altar of Dithmenos.
  8708 | D:9      | Noticed a two-headed ogre
  8724 | D:9      | Killed a two-headed ogre
  8725 | D:9      | Reached XP level 10. HP: 48/80 MP: 14/14
  9281 | D:10     | Entered Level 10 of the Dungeon
  9509 | D:10     | Noticed a gargoyle
 10230 | D:9      | Slain by a gargoyle

Illustrated notes

Levels and vault maps discovered:
D:1:      amcnicky_arrival_gap_in_the_tavern_cellar, layout_rooms
D:2:      layout_basic
D:3:      layout_loops_ring, ebering_ghost_reflecting_pool,
          kennysheep_generic_room_16
D:4:      kennysheep_kobold_camp, layout_loops_corners, serial_shops, shop,
          hangedman_feature_mirror, minmay_fire_ice_demons
D:5:      layout_basic, gup_sewer_entry_pipe, serial_shops, shop
D:6:      layout_loops_ring, grunt_temple_overflow_opulence,
          lemuel_doored_altar, serial_shops, shop,
          nicolae_ossuary_entry_false_entrances
D:7:      layout_loops_cross, minmay_temple_entry_mini_moons, uniq_menkaure
D:8:      layout_rooms, chequers_temple_overflow_statue_of_worship,
          serial_corexii_hall, chequers_hall_statues_corner_a,
          corexii_hall_statues_i
D:9:      layout_rooms, nicolae_dithmenos_shadow_blocks, minmay_misc_feat_roman
D:10:     layout_big_octagon, erik_lair_island, uniq_harold

Skill      XL: |  1  2  3  4  5  6  7  8  9 10 |
---------------+-------------------------------+-----
Fighting       | 1 2 3 4 6 8 |  8.8
Dodging        | 1 2 3 4 5 7 8 |  8.0
Armour         | 1 2 3 4 6 7 |  7.5
Unarmed Combat | 1 2 3 4 5 |  5.0
Throwing       | |  1.7
Spellcasting   | |  3.0
Hexes          | |  1.0
Ice Magic      | |  1.7
Air Magic      | |  1.7

Action                   |  1- 3 |  4- 6 |  7- 9 | 10-12 || total
-------------------------+-------+-------+-------+-------++-------
Melee: Club              |    89 |       |       |       ||    89
       Kick              |    36 |    79 |   130 |    39 ||   284
       Short sword       |    94 |   155 |       |       ||   249
       Punch             |       |     4 |    14 |     3 ||    21
       Whip              |       |    94 |   369 |    99 ||   562
       Headbutt          |       |    22 |    77 |    24 ||   123
Throw: Javelin           |       |     2 |     4 |       ||     6
       Dart              |       |       |    20 |    43 ||    63
  Use: Scroll            |     3 |     7 |     4 |     2 ||    16
       Potion            |     1 |     1 |     1 |       ||     3
 Stab: Sleeping          |     1 |       |       |       ||     1
       Distracted        |       |       |     1 |     1 ||     2
Armor: Robe              |    37 |       |       |       ||    37
       Leather armour    |    26 |     1 |       |       ||    27
       Ring mail         |       |    70 |    90 |    33 ||   193
Dodge: Dodged            |   113 |   120 |   251 |   119 ||   603
Block: Other             |       |    42 |    73 |    30 ||   145

Table legend: (Time is in decaauts)
 A = Elapsed time spent in this place.
 B = Non-inter-level travel time spent in this place.
 C = Inter-level travel time spent in this place.
 D = Time resting spent in this place.
 E = Time spent auto-exploring this place.
 F = Levels seen in this place.
 G = Mean time per level.
                   A        B        C        D        E       F      G
               +--------+--------+--------+--------+--------+-----+--------+
         Total |  10372 |   9932 |    440 |   4539 |    203 |  12 |  864.3 |
       Dungeon |   9665 |   9225 |    440 |   4295 |    203 |  10 |  966.5 |
         Sewer |    255 |    255 |      0 |    114 |      0 |   1 |  255.0 |
       Ossuary |    450 |    450 |      0 |    130 |      0 |   1 |  450.0 |
               +--------+--------+--------+--------+--------+-----+--------+

Top non-repeatable levels by time:
     D:4: 1956 daAuts
     D:9: 1554 daAuts
     D:1: 1473 daAuts
     D:2: 1260 daAuts
     D:8: 868 daAuts
     D:5: 768 daAuts
     D:6: 712 daAuts
     D:3: 576 daAuts
 Ossuary: 450 daAuts
     D:7: 437 daAuts
   Sewer: 255 daAuts
    D:10: 56 daAuts
